 Dungeon Crawl Stone Soup version 0.23.1 (webtiles) character file.

Game seed: 1851326449484950028

101 nganga the Stinger (level 4, -1/38 HPs)
             Began as a Naga Venom Mage on Mar 18, 2019.
             Slain by a centaur skeleton (6 damage)
             ... on level 3 of the Dungeon.
             The game lasted 00:21:26 (2947 turns).

nganga the Stinger (Naga Venom Mage)                Turns: 2947, Time: 00:21:27

Health: -1/38      AC:  1    Str: 10    XL:     4   Next: 75%
Magic:  7/7        EV: 10    Int: 16    God:
Gold:   33         SH:  0    Dex: 12    Spells: 5/8 levels left

rFire    . . .     SeeInvis +   j - +3 short sword
rCold    . . .     Gourm    .   (no shield)
rNeg     . . .     Faith    .   (no armour)
rPois    +         Spirit   .   (no helmet)
rElec    .         Reflect  .   (no cloak)
rCorr    .         Harm     .   (no gloves)
MR       .....                  (no barding)
Stlth    ++........             f - amulet of the acrobat
HPRegen  0.12/turn              (no ring)
MPRegen  0.10/turn              (no ring)

@: very slow
A: large, see invisible, deformed body, poison resistance, slowness 2, slow
metabolism 1, spit poison 2, wild magic 1, AC +1
a: Breathe Poison Gas


You were on level 3 of the Dungeon.
You were hungry.

You visited 1 branch of the dungeon, and saw 3 of its levels.

You collected 33 gold pieces.

Inventory:

Hand Weapons
 i - a +0 dagger
 j - a +3 short sword (weapon)
 s - a +0 dagger
 u - a +2 dagger of protection
Missiles
 d - 49 bolts
 g - 84 stones (quivered)
Armour
 a - a +0 robe
 e - a +0 robe
 m - a +0 leather armour
Jewellery
 f - an amulet of the acrobat (around neck)
Scrolls
 b - 2 scrolls of enchant armour
 h - a scroll of fear
 k - a scroll of random uselessness
 l - 2 scrolls of remove curse
Comestibles
 c - 3 rations


   Skills:
 + Level 1.1 Fighting
 + Level 0.5 Short Blades
 + Level 1.8 Dodging
 + Level 3.5 Stealth
 + Level 2.6 Spellcasting
 + Level 1.9 Conjurations
 + Level 5.1 Poison Magic


You had 5 spell levels left.
You knew the following spells:

 Your Spells              Type           Power        Failure   Level  Hunger
a - Sting                 Conj/Pois      ###.         8%          1    #......
b - Poisonous Vapours     Pois/Air       ##....       16%         2    ##.....

Your spell library contained the following spells:

 Spells                   Type           Power        Failure   Level  Hunger
 Mephitic Cloud           Conj/Pois/Air  ##......     30%         3    ###....
 Olgreb's Toxic Radiance  Pois           ###.....     32%         4    #####..
 Venom Bolt               Conj/Pois      ###.......   83%         5    ######.


Dungeon Overview and Level Annotations

Branches:
Dungeon (3/15)

Altars:


Innate Abilities, Weirdness & Mutations

You cannot wear boots.
Your serpentine skin is tough. (AC +1)
You have supernaturally acute eyesight. (SInv)
Armour fits poorly on your strangely shaped body.
Your system is resistant to poisons. (rPois)
You cover ground very slowly.
You have a slow metabolism.
You can exhale a cloud of poison.
Your spells are a little harder to cast, but a little more powerful.


Message History

Aim: a centaur skeleton (lightly damaged)
You throw a stone. The stone hits the centaur skeleton.
The centaur skeleton is lightly damaged.
The centaur skeleton hits you but does no damage.
You hit the centaur skeleton.
The centaur skeleton is heavily damaged.
The centaur skeleton hits you. x2
You hit the centaur skeleton.
The centaur skeleton is heavily damaged.
The centaur skeleton closely misses you.
You are feeling hungry.
You hit the centaur skeleton.
The centaur skeleton is heavily damaged.
The centaur skeleton hits you!
* * * LOW HITPOINT WARNING * * *
You hit the centaur skeleton.
The centaur skeleton is severely damaged.
The centaur skeleton closely misses you.
The centaur skeleton hits you.
You die...

#### ..#
#####.#
##...#.###
#...<..@.#
#......Z.#
#........#
#........######
#..............
######.).......
#.........
#.........
#.........


You could see a centaur skeleton.

Vanquished Creatures
  2 adders (D:2)
  3 gnolls (D:2)
  A dart slug (D:2)
  4 leopard geckos
  A giant cockroach (D:1)
  5 goblins
  5 hobgoblins
  4 jackals (D:1)
  2 quokkas (D:2)
  A ball python (D:1)
  8 bats
  A frilled lizard (D:1)
  5 kobolds
  6 rats
48 creatures vanquished.

Notes
Turn   | Place    | Note
-------+----------+-------------------------------------------
     0 | D:1      | nganga the Naga Venom Mage began the quest for the Orb.
     0 | D:1      | Reached XP level 1. HP: 15/15 MP: 3/3
   314 | D:1      | Reached XP level 2. HP: 13/22 MP: 1/5
   494 | D:1      | Learned a level 2 spell: Poisonous Vapours
   896 | D:1      | Reached XP level 3. HP: 25/28 MP: 1/6
  1833 | D:2      | Reached skill level 1 in Fighting
  1833 | D:2      | Reached skill level 5 in Poison Magic
  1833 | D:2      | Reached XP level 4. HP: 29/38 MP: 0/7
  1849 | D:2      | Gained mutation: You can exhale a cloud of poison. [potion
                  | of mutation]
  1849 | D:2      | Gained mutation: Your spells are a little harder to cast,
                  | but a little more powerful. [potion of mutation]
  2947 | D:3      | Slain by a centaur skeleton

Skill      XL: |  1  2  3 |
---------------+----------+-----
Fighting       | 1 |  1.1
Poison Magic   | 5 |  5.1
Short Blades   | |  0.5
Dodging        | |  1.8
Stealth        | |  3.5
Spellcasting   | |  2.6
Conjurations   | |  1.9

Action                   |  1- 3 |  4- 6 || total
-------------------------+-------+-------++-------
Melee: Dagger            |    17 |     1 ||    18
       Unarmed           |     2 |       ||     2
       Short sword       |    18 |    15 ||    33
Throw: Stone             |       |     5 ||     5
 Cast: Sting             |    63 |    26 ||    89
       Poisonous Vapours |     1 |       ||     1
  Use: Scroll            |     1 |     6 ||     7
       Potion            |       |     2 ||     2
  Eat: Chunk             |     1 |     1 ||     2
       Ration            |     1 |       ||     1
Armor: Robe              |    10 |       ||    10
       Skin              |       |     1 ||     1
Dodge: Dodged            |    35 |    22 ||    57
